Map: King Sejong Station LE

Players

Tarrantius

  • Race: Protoss Protoss
  • League: Grandmaster

Miszu - Winner!

  • Race: Terran Terran
  • League: Master

VOD

Have the link to the VOD?

Description

Time

  • Played on: June 11, 2016, 12:25 p.m.
  • Length: 11:49
Show
View Real Time Build Order
Export as new Build Order

Tarrantius Protoss 

Build Orders: 1 Gate Expand, Oracle Opening 

Get SALT Encoding   

  12  0:01  Probe (Chrono Boost)  
  13  0:11  Probe (Chrono Boost)  
  14  0:19  Pylon  
  14  0:22  Probe (Chrono Boost)  
  15  0:37  Gateway, Probe (Chrono Boost)  
  16  0:47  Probe (Chrono Boost)  
  16  0:49  Assimilator  
  17  0:58  Probe (Chrono Boost)  
  18  1:08  Probe (Chrono Boost)  
  19  1:20  Nexus  
  19  1:31  Cybernetics Core  
  19  1:32  Probe (Chrono Boost)  
  20  1:42  Probe (Chrono Boost)  
  20  1:43  Assimilator  
  21  1:47  Pylon  
  21  1:53  Probe (Chrono Boost)  
  22  2:03  Probe (Chrono Boost)  
  22  2:07  Adept (Chrono Boost)  
  22  2:08  Warp Gate  
  25  2:15  Probe  
  26  2:27  Probe  
  27  2:31  Adept (Chrono Boost)  
  27  2:32  Probe  
  30  2:39  Probe  
  30  2:42  Stargate  
  30  2:43  Probe (Chrono Boost)  
  31  2:51  Probe (Chrono Boost)  
  33  2:55  Adept, Probe (Chrono Boost)  
  36  3:01  Pylon  
  36  3:02  Probe (Chrono Boost)  
  37  3:06  Probe (Chrono Boost)  
  39  3:13  Probe (Chrono Boost)  
  39  3:16  Probe (Chrono Boost)  
  40  3:23  Probe (Chrono Boost)  
  42  3:27  Probe (Chrono Boost)  
  40  3:35  Adept, Probe (Chrono Boost)  
  40  3:37  Probe (Chrono Boost)  
  44  3:43  Twilight Council  
  44  3:46  Forge, Probe (Chrono Boost)  
  44  3:47  Nexus  
  45  3:49  Pylon  
  45  3:52  Probe (Chrono Boost)  
  46  3:57  Oracle (Chrono Boost)  
  49  4:04  Probe x2 (Chrono Boost)  
  49  4:07  Assimilator  
  49  4:08  Resonating Glaives  
  49  4:09  Assimilator  
  51  4:15  Probe  
  51  4:16  Probe  
  53  4:18  Gateway  
  53  4:19  Protoss Ground Weapons Level 1 (Chrono Boost)  
  53  4:27  Probe  
  53  4:28  Probe  
  53  4:30  Gateway  
  55  4:35  Phoenix  
  57  4:39  Probe  
  57  4:40  Probe  
  57  4:45  Pylon  
  59  4:51  Probe  
  61  4:52  Probe  
  61  5:00  Probe  
  61  5:03  Probe  
  61  5:05  Mothership Core  
  65  5:08  Gateway  
  65  5:09  Gateway  
  65  5:11  Probe  
  65  5:12  Gateway  
  66  5:14  Gateway  
  66  5:15  Probe  
  67  5:21  Probe  
  67  5:26  Probe  
  65  5:29  Probe  
  65  5:30  Adept  
  65  5:32  Phoenix, Probe  
  71  5:38  Probe  
  71  5:40  Pylon  
  71  5:41  Gateway, Probe  
  73  5:43  Adept x2, Probe  
  73  5:49  Pylon  
  78  5:50  Probe  
  78  5:53  Probe  
  78  5:56  Pylon  
  80  5:58  Adept  
  80  5:59  Probe  
  80  6:01  Protoss Ground Armor Level 1 (Chrono Boost)  
  80  6:02  Probe  
  84  6:06  Blink  
  84  6:08  Probe  
  84  6:10  Assimilator, Phoenix  
  87  6:15  Adept x2, Assimilator  
  91  6:18  Probe  
  91  6:21  Robotics Facility  
  92  6:26  Sentry x2  
  92  6:27  Adept  
  92  6:29  Adept  
  100  6:34  Pylon  
  100  6:35  Phoenix  
  100  6:36  Adept x2  
  106  6:42  Adept  
  108  6:54  Adept x4  
  116  7:02  Gateway  
  116  7:03  Pylon  
  116  7:05  Gateway  
  116  7:07  Pylon  
  116  7:10  Observer, Pylon  
  117  7:27  Adept  
  117  7:28  Adept x7  
  133  7:32  Observer  
  133  7:36  Forge  
  134  7:38  Protoss Ground Armor Level 2 (Chrono Boost)  
  134  7:58  Charge  
  134  8:04  Immortal  
  138  8:08  Protoss Ground Weapons Level 2 (Chrono Boost)  
  138  8:10  Fleet Beacon  
  138  8:12  Probe  
  139  8:13  Stargate  
  139  8:23  Adept  
  141  8:27  Nexus, Pylon  
  141  8:28  Pylon x2  
  141  8:29  Pylon  
  141  8:30  Pylon  
  141  8:46  Adept  
  141  8:47  Adept x6  
  155  8:52  Pylon  
  149  9:04  Pylon  
  149  9:07  Tempest x2  
  150  9:14  Adept x6  
  150  9:15  Adept  
  132  9:25  Immortal  
  136  9:38  Sentry x2  
  136  9:39  Sentry  
  142  9:47  Nexus  
  142  9:48  Pylon  
  142  9:50  Tempest  
  146  9:56  Tempest  
  146  9:59  Adept x4  
  150  10:17  Adept x6  
  130  10:33  Adept x2, Tempest  
  130  10:34  Adept x2  
  116  10:40  Adept x6  
  112  10:56  Adept x3  
  120  10:57  Immortal  
  120  11:01  Adept x3  
  126  11:08  Adept x3  
  122  11:23  Adept x4  
  122  11:24  Adept  
  116  11:26  Adept  
  116  11:28  Adept  
  88  11:33  Adept x2  
  88  11:38  Adept  
Show
View Real Time Build Order
Export as new Build Order

Miszu Terran - Winner!

Build Orders: MMM Bio 

Get SALT Encoding   

  12  0:00  SCV  
  13  0:13  SCV  
  14  0:17  Supply Depot  
  14  0:25  SCV  
  15  0:38  SCV  
  15  0:41  Barracks  
  16  0:43  Refinery  
  16  0:50  SCV  
  17  1:03  SCV  
  18  1:15  SCV  
  19  1:20  Command Center  
  19  1:29  Marine  
  19  1:32  Orbital Command  
  20  1:44  Supply Depot  
  20  1:47  Marine  
  21  1:55  Barracks  
  21  1:58  SCV  
  22  2:06  Barracks  
  22  2:10  SCV  
  22  2:11  Marine  
  24  2:22  SCV  
  25  2:24  Refinery x2  
  25  2:32  Orbital Command  
  25  2:34  SCV  
  26  2:37  Marine  
  27  2:45  Marine  
  27  2:48  SCV  
  29  2:53  Barracks Tech Lab  
  29  2:56  Marine  
  29  2:58  SCV  
  31  3:00  SCV  
  31  3:03  Marine  
  33  3:10  SCV  
  34  3:12  Stimpack  
  34  3:13  SCV  
  34  3:14  Marine  
  34  3:16  Marauder  
  34  3:19  Supply Depot  
  38  3:22  SCV  
  38  3:25  SCV  
  40  3:35  Marine  
  40  3:36  Marine  
  40  3:38  Marauder, SCV  
  40  3:39  SCV  
  46  3:44  Supply Depot  
  46  3:51  SCV  
  46  3:53  Marine, SCV  
  46  3:54  Marine  
  50  3:57  Factory  
  50  4:00  Refinery  
  50  4:02  Engineering Bay  
  50  4:03  SCV  
  50  4:05  SCV  
  50  4:06  Marine  
  53  4:12  Barracks Reactor  
  53  4:14  Barracks Tech Lab  
  53  4:15  SCV  
  54  4:17  SCV  
  54  4:19  Supply Depot  
  57  4:24  Marauder  
  57  4:25  Bunker  
  57  4:27  Terran Infantry Weapons Level 1, SCV  
  57  4:30  SCV  
  59  4:33  Marine  
  60  4:39  SCV  
  60  4:42  Supply Depot, SCV  
  60  4:44  Supply Depot  
  60  4:45  Starport  
  62  4:46  Factory Reactor  
  62  4:50  Marine x2  
  62  4:51  Marauder  
  66  4:53  SCV  
  66  4:54  SCV  
  67  5:02  Missile Turret  
  67  5:11  SCV  
  67  5:12  Missile Turret  
  67  5:14  Marauder  
  70  5:16  SCV  
  70  5:17  Supply Depot x2  
  68  5:29  SCV  
  69  5:37  Command Center, SCV  
  69  5:39  Medivac  
  69  5:40  Medivac, Factory Reactor  
  69  5:41  SCV  
  75  5:46  Supply Depot  
  75  5:49  Refinery, SCV  
  76  5:50  Combat Shields, Concussive Shells  
  76  5:53  Marine, Marauder  
  76  5:54  Marine  
  81  6:00  Marauder  
  82  6:06  Barracks  
  82  6:08  Barracks  
  82  6:12  Medivac x2  
  82  6:18  Marine x2, Marauder  
  90  6:20  Widow Mine x2  
  90  6:24  Supply Depot  
  94  6:27  Marauder  
  96  6:39  Marine  
  99  6:40  Terran Infantry Armor Level 1, Marauder  
  99  6:43  Engineering Bay  
  99  6:47  Armory  
  99  6:54  Marine  
  99  6:55  Marauder, Orbital Command  
  99  6:56  Barracks Reactor, Barracks Tech Lab  
  99  7:00  Marine  
  99  7:01  Marauder  
  105  7:03  Medivac  
  105  7:08  Medivac  
  109  7:12  Marine  
  109  7:13  Supply Depot  
  110  7:15  Marine  
  110  7:16  Marine, Widow Mine  
  110  7:17  Widow Mine  
  116  7:25  Marine x2  
  116  7:28  Liberator, Orbital Command  
  118  7:34  Supply Depot  
  118  7:35  Marine  
  118  7:36  Marine x3, Marauder  
  124  7:41  Terran Infantry Weapons Level 2  
  124  7:42  Bunker  
  124  7:43  Marine x2, Missile Turret  
  129  7:51  SCV  
  129  7:52  SCV  
  129  7:53  SCV  
  132  8:02  Marine  
  132  8:03  Marine, Marauder x2  
  132  8:04  SCV  
  139  8:07  SCV x2  
  141  8:15  Supply Depot  
  141  8:16  SCV  
  141  8:17  Supply Depot  
  141  8:19  Marine x2, SCV  
  71  8:20  Liberator x2  
  145  8:23  SCV  
  146  8:28  SCV  
  146  8:29  Marauder  
  149  8:37  Supply Depot, SCV x2  
  149  8:38  Supply Depot  
  157  8:46  Barracks x2  
  157  8:47  Barracks  
  153  9:13  Marine, Marauder  
  135  9:18  Marine  
  135  9:19  Marauder  
  135  9:20  Marine  
  135  9:22  Marine x2  
  135  9:23  Widow Mine x2  
  135  9:24  Medivac x2  
  144  9:26  Terran Infantry Armor Level 2  
  144  9:27  Ghost Academy  
  144  9:30  Marine  
  143  9:34  Marine  
  143  9:36  Marine  
  143  9:37  Command Center  
  143  9:38  Marine  
  146  9:39  Marine  
  146  9:40  Marine x2, Barracks Tech Lab x2  
  146  9:42  Barracks Tech Lab  
  146  9:44  Refinery  
  149  9:46  Refinery  
  149  9:48  Marine  
  149  9:52  Marine  
  151  9:54  Marine  
  151  9:56  Marine  
  151  9:57  Marine  
  151  9:58  Marine, Marauder  
  155  10:03  Viking x2  
  159  10:13  Marine x6, Marauder  
  164  10:15  Marine  
  164  10:16  Marine  
  164  10:19  Marine  
  150  10:30  Marine  
  150  10:31  Marine x5  
  150  10:33  Marine x3  
  146  10:37  Marine  
  141  10:48  Marine  
  141  10:49  Marine x4, Marauder  
  140  10:51  Marine x2  
  140  10:52  Marauder  
  140  10:54  Marine  
  144  11:01  Starport  
  144  11:05  Viking  
  144  11:06  Viking, Marine x2  
  144  11:07  Marine x3, Widow Mine x2  
  144  11:09  Marine x2  
  144  11:10  Marine  
  156  11:12  Marine  
  156  11:13  Marine  
  157  11:24  Marine x4  
  157  11:25  Marine  
  157  11:26  Marine  
  157  11:28  Marine x2  
  157  11:30  Marine x2  
Tags
 
Add a new tag
Caveats
  • Supply blocks, unpowered buildings, or Contaminate may cause inaccurate times.
  • Supply counts are checked every 10 seconds.